 Dungeon Crawl Stone Soup version 0.31.0-32-g396128a36d (webtiles) character file.

Game seed: 14551868475579036719

36 ChadusMaximus the Caller (level 3, 0/24 HPs)
             Began as a Barachi Summoner on Mar 17, 2024.
             Slain by a quokka (2 damage)
             ... on level 2 of the Dungeon.
             The game lasted 00:01:19 (954 turns).

ChadusMaximus the Caller (Barachi Summoner)          Turns: 954, Time: 00:01:19

Health: 0/24       AC:  3    Str:  9    XL:     3   Next: 37%
Magic:  3/7        EV: 27    Int: 17    God:
Gold:   37         SH:  0    Dex: 12    Spells: 1/7 levels left

rFire   . . .        e - +0 whip
rCold   . . .        (no shield)
rNeg    . . .        a - +0 robe
rPois   .            (no helmet)
rElec   .            (no cloak)
rCorr   .            i - +0 pair of gloves
SInv    .            (no boots)
Will    .....        h - amulet of the acrobat
Stlth   ++           (no ring)
HPRegen 0.24/turn    (no ring)
MPRegen 0.10/turn

%: acrobat
@: unable to hop, acrobatic, inugami summoned, slow
A: amphibious, slowness 1, strong legs 1, +LOS
a: Hop


You were on level 2 of the Dungeon.
You visited 1 branch of the dungeon, and saw 2 of its levels.

You collected 37 gold pieces.

Inventory:

Hand Weapons
 e - a +0 whip (weapon)
Armour
 a - a +0 robe (worn)
 i - a +0 pair of gloves (worn)
Jewellery
 h - an amulet of the acrobat (around neck)
Scrolls
 c - a scroll of identify {unknown}
 f - a scroll of enchant armour {unknown}
Potions
 b - a potion of magic
 d - a potion of curing
 g - a potion of attraction {unknown}


   Skills:
 - Level 2.1 Dodging
 - Level 1.7 Stealth
 + Level 2.8 Spellcasting
 * Level 5.7 Summonings


You had one spell level left.
You knew the following spells:

 Your Spells              Type           Power      Damage    Failure   Level
a - Summon Small Mammal   Summ           88%        N/A       1%          1
b - Call Canine Familiar  Summ           22%        N/A       4%          3
c - Call Imp              Summ           44%        N/A       2%          2

Your spell library contained the following spells:

 Spells                   Type           Power      Damage    Failure   Level
 Summon Blazeheart Golem  Fire/Summ      12%        N/A       47%         4
 Summon Lightning Spire   Summ/Air       12%        N/A       47%         4


Dungeon Overview and Level Annotations

Branches:
Dungeon (2/15)

Altars:


Innate Abilities, Weirdness & Mutations

You are amphibious.
You cover ground slowly.
You can hop short distances.
You have an extended range of vision and can be seen from far away.


Message History

You barely miss the quokka.
The quokka is severely wounded.
The quokka bites you but does no damage.
Your cerulean imp hits the quokka but does no damage.
The quokka barely misses you.
You miss the quokka.
The quokka is severely wounded.
The quokka closely misses you. The quokka barely misses you.
Your cerulean imp hits the quokka but does no damage.
The quokka bites you. The quokka misses you.
Your cerulean imp misses the quokka.
You closely miss the quokka.
The quokka is severely wounded.
The quokka bites you.
* * * LOW HITPOINT WARNING * * *
The quokka bites you.
* * * LOW HITPOINT WARNING * * *
Your cerulean imp closely misses the quokka.
You barely miss the quokka.
The quokka is severely wounded.
The quokka bites you.
* * * LOW HITPOINT WARNING * * *
The quokka misses you.
Your cerulean imp barely misses the quokka.
Unknown command.
Hop to where?
Press: ? - help, Dir - move target A frilled lizard comes into view.
Boing!
Your cerulean imp barely misses the quokka.
Casting: Call Imp (safe; 2% risk of failure)
Confirm with . or Enter, or press ? or * to list all spells.
You call for your canine familiar and it appears with a howl!
Your cerulean imp completely misses the quokka.
The quokka twitches its whiskers.
Your cerulean imp hits the quokka from afar with a -2 spear.
You swap places.
The frilled lizard hisses angrily.
The quokka bites you.
You die...

#.######......#
. #####.#
#........ .
#.....# #...
#...### .l.
#...# ..# #...#
##..# #...#
#...# #
###.###.[#
#.###....@.#
#...5...rh.#
#.....r..###
#...##...!#
.........#...#
...)..####....>.
....... ........
#######
#.........
#.........


You could see 2 quokkas, a frilled lizard, a friendly cerulean imp (summoned)
and a friendly inugami (summoned).

Vanquished Creatures
  2 endoplasms
  3 hobgoblins
  2 ball pythons
  A kobold (D:1)
  A rat (D:1)
9 creatures vanquished.

Vanquished Creatures (collateral kills)
  An adder (D:2)
  A dart slug (D:2)
  A ribbon worm (D:2)
  2 bats
  2 endoplasms
  A goblin (D:2)
  A quokka (D:1)
  2 kobolds (D:1)
  2 rats (D:1)
13 creatures vanquished.

Grand Total: 22 creatures vanquished

Notes
Turn   | Place    | Note
-------+----------+-------------------------------------------
     0 | D:1      | ChadusMaximus the Barachi Summoner began the quest for the
                  | Orb.
     0 | D:1      | Reached XP level 1. HP: 13/13 MP: 3/3
   219 | D:1      | Reached skill level 5 in Summonings
   427 | D:1      | Reached XP level 2. HP: 18/19 MP: 0/5
   831 | D:2      | Reached XP level 3. HP: 6/24 MP: 2/7
   858 | D:2      | Learned a level 3 spell: Call Canine Familiar
   861 | D:2      | Learned a level 2 spell: Call Imp
   950 | D:2      | HP: 1/24 [quokka (2)]
   954 | D:2      | Slain by a quokka

Illustrated notes

Levels and vault maps discovered:
D:1:      lemuel_arrival_rhombus, layout_basic, serial_park_tiny_pond
D:2:      layout_rooms, shapermc_ecumenical_altar_mp_highgroup

Skill      XL: |  1 |
---------------+----+-----
Summonings     | 5 |  5.7
Dodging        | |  2.1
Stealth        | |  1.7
Spellcasting   | |  2.8

Action                     || total
---------------------------++-------
  Melee: Whip              ||    52
         Unarmed           ||     3
         Punch             ||     1
   Cast: Summon Small Mamm ||    17
         Call Imp          ||     1
         Call Canine Famil ||     1
Ability: Hop               ||     1
    Use: Potion            ||     1
   Stab: Distracted        ||     1
 Armour: Robe              ||    64
  Dodge: Dodged            ||    54
